 Dungeon Crawl Stone Soup version 0.31.0-12-g77e489cdc1 (webtiles) character file.

Game seed: 7087874219529561882

180 Gadfly the Covered (level 5, 0/44 (45) HPs)
             Began as an Armataur Fighter on Feb 29, 2024.
             Slain by a water moccasin (5 damage)
             ... on level 4 of the Dungeon.
             The game lasted 00:05:46 (2954 turns).

Gadfly the Covered (Armataur Fighter)               Turns: 2954, Time: 00:05:47

HP:   0/44 (45)     AC: 13    Str: 27    XL:     5   Next: 33%
MP:   6/6           EV:  5    Int:  8    God:
Gold: 137           SH:  4    Dex: 12    Spells: 4/4 levels left

rFire   . . .        b - +3 dagger (venom)
rCold   . . .        c - +0 buckler
rNeg    + . .        q - +0 plate armour
rPois   .            m - +2 hat
rElec   .            (no cloak)
rCorr   .            h - +0 pair of gloves
SInv    .            (no barding)
Will    +....        (no amulet) Stlth
                     i - +6 ring of strength
HPRegen 0.27/turn    p - ring of positive energy
MPRegen 0.10/turn

%: roll
@: lethally poisoned (0 -> -7), enlightened, flying, hasted, lightly drained,
very quick
A: large, deformed body, tough skin 3, armoured tail, roll 1
a: no special abilities


You were on level 4 of the Dungeon.
You visited 1 branch of the dungeon, and saw 4 of its levels.

You collected 228 gold pieces.
You spent 91 gold pieces at shops.

Inventory:

Hand Weapons
 a - a +0 flail
 b - a +3 dagger of venom (weapon)
Armour
 c - a +0 buckler (worn)
 h - a +0 pair of gloves (worn)
 j - a +0 scale mail
 m - a +2 hat (worn)
 q - a +0 plate armour (worn)
Jewellery
 i - a +6 ring of strength (left hand)
 p - a ring of positive energy (right hand)
Wands
 n - a wand of light (10)
 r - a wand of flame (28) (quivered)
Scrolls
 l - a scroll of teleportation
 s - a scroll of identify
Potions
 d - 2 potions of might
 e - 3 potions of mutation
 k - a potion of berserk rage {unknown}


   Skills:
 + Level 3.2 Fighting
 * Level 2.8 Maces & Flails
 + Level 4.3 Armour
 + Level 3.7 Shields
 * Level 2.1 Invocations
 * Level 2.0 Evocations


You had 4 spell levels left.
You didn't know any spells.
Your spell library contained the following spells:

 Spells                   Type           Power      Damage    Failure   Level
 Shock                    Conj/Air       0%         1d3       100%        1
 Swiftness                Air            0%         N/A       100%        3
 Airstrike                Air            0%         2d(0-16)  100%        4
 Vhi's Electric Charge    Tloc/Air       0%         N/A       100%        4
 Arcjolt                  Conj/Air       0%         1d10      100%        5
 Maxwell's Capacitive Co  Air            0%         ∞         100%        8


Dungeon Overview and Level Annotations

Branches:
Dungeon (4/15)
 Temple: D:4-7

Altars:

Shops:
D:1 *   D:4 :


Innate Abilities, Weirdness & Mutations

Armour fits poorly on your strangely shaped body.
You have extremely tough skin. (AC +3)
You have a long armoured tail.
You regenerate magic when rolling toward enemies. (Rampage MPRegen)


Message History

The wight freezes you.
The water moccasin bites you but does no damage.
You hit the water moccasin.
You tail-slap the water moccasin, but do no damage.
The water moccasin is lightly wounded.
The wight hits you with a +3 mace of freezing!
The wight freezes you.
The water moccasin bites you but does no damage.
The wight barely misses you.
The water moccasin attacks as it pursues you!
The water moccasin bites you!
* * * LOW HITPOINT WARNING * * *
The water moccasin barely misses you.
Things that are here:
a +0 dagger; a goblin corpse The water moccasin attacks as it pursues you!
The water moccasin completely misses you.
The water moccasin barely misses you.
The water moccasin attacks as it pursues you!
You block the water moccasin's attack. The water moccasin bites you!
* * * LOW HITPOINT WARNING * * *
It was a potion of enlightenment.
You feel very buoyant.
You fly up into the air.
The water moccasin bites you.
* * * LOW HITPOINT WARNING * * *
You are lethally poisoned!
The water moccasin poisons you!
A kobold comes into view. It is wielding a +0 club.
You feel better.
The kobold shouts!
The water moccasin bites you.
* * * LOW HITPOINT WARNING * * *
You are lethally poisoned!
The water moccasin poisons you! The water moccasin barely misses you.
Unknown command.
It was a potion of haste.
You feel yourself speed up.
* * * LOW HITPOINT WARNING * * *
You feel very sick. The water moccasin bites you.
You die...

####### ##......
##....... #........
#........ .. #.....)..
#...##### #........
#.....# #.....<.. .
#@# ##....... ..
#S#########....... #
#S #z........†.......
.##
...##K....[...........
+##
#....................
∩##
#..####..............
###
#..†>z)..####........
..## #........#
##.......
#..######........)...#
##......


You could see a water moccasin, a wight and a kobold.

Vanquished Creatures
  A bombardier beetle (D:4)
  A hound (D:4)
  An iguana (D:4)
  2 adders (D:2)
  A dart slug (D:1)
  A ribbon worm (D:2)
  6 orcs
  3 bats
  10 endoplasms
  5 giant cockroaches
  7 goblins
  3 hobgoblins
  2 quokkas
  4 ball pythons (D:1)
  6 frilled lizards
  4 kobolds
  9 rats
66 creatures vanquished.

Notes
Turn   | Place    | Note
-------+----------+-------------------------------------------
     0 | D:1      | Gadfly the Armataur Fighter began the quest for the Orb.
     0 | D:1      | Reached XP level 1. HP: 18/18 MP: 1/1
   179 | D:1      | Reached XP level 2. HP: 18/25 MP: 2/2
   386 | D:1      | Found Zetul's Assorted Antiques.
   514 | D:1      | Reached skill level 1 in Invocations
   517 | D:1      | Reached skill level 1 in Evocations
   912 | D:1      | Bought a brown potion for 17 gold pieces
   912 | D:1      | Bought a scroll labelled HINIKL VATOTAH for 19 gold pieces
   912 | D:1      | Bought a scroll labelled GULUDW QESOE for 19 gold pieces
   978 | D:2      | Reached XP level 3. HP: 30/30 MP: 3/3
  1290 | D:2      | Reached skill level 4 in Armour
  1342 | D:2      | Found a faded altar of an unknown god.
  1626 | D:1      | Bought a smoky green potion for 17 gold pieces
  1717 | D:3      | Reached XP level 4. HP: 31/37 MP: 5/5
  2467 | D:1      | Bought a scroll labelled INUINK HYT ROGU for 19 gold pieces
  2708 | D:4      | Found Orarul's Book Shoppe.
  2921 | D:4      | Reached XP level 5. HP: 45/45 MP: 6/6
  2931 | D:4      | Noticed a water moccasin
  2954 | D:4      | Slain by a water moccasin

Illustrated notes

Levels and vault maps discovered:
D:1:      minmay_arrival_hallway, layout_loops_ring, serial_shops, shop
D:2:      layout_rooms, hellmonk_ecumenical_altar_inner_sanctum,
          chequers_serial_rivers_micro_a, guppyfry_early_lair_pool
D:3:      layout_basic
D:4:      layout_rooms, serial_shops, nicolae_shop_tiny_glass, serial_curves,
          eino_curves_04, eino_curves_04, minmay_manual_mandibuliform

Skill      XL: |  1  2  3  4  5 |
---------------+----------------+-----
Maces & Flails | 2 |  2.8
Invocations    | 1 2 |  2.1
Evocations     | 1 2 |  2.0
Armour         | 4 |  4.3
Fighting       | 3 |  3.2
Shields        | |  3.7

Action                     |  1- 3 |  4- 6 || total
---------------------------+-------+-------++-------
  Melee: Flail             |    93 |       ||    93
         Tailslap          |    12 |    10 ||    22
         Dagger            |    23 |    53 ||    76
    Use: Scroll            |     5 |     3 ||     8
         Potion            |     1 |     3 ||     4
 Armour: Scale mail        |    90 |     2 ||    92
         Plate armour      |       |    37 ||    37
  Dodge: Dodged            |    29 |    12 ||    41
  Block: Buckler           |    32 |     5 ||    37
